 Dungeon Crawl Stone Soup version 0.28-a0-828-g0121872642 (webtiles) character file.

Game seed: 4834712104494065756

51 croobank the Caller (level 3, 0/14 HPs)
             Began as a Felid Summoner on Nov 10, 2021.
             Slain by a gnoll (2 damage)
             ... on level 3 of the Dungeon.
             The game lasted 00:15:27 (3687 turns).

croobank the Caller (Felid Summoner)                Turns: 3687, Time: 00:15:28

Health: 0/14       AC:  1    Str:  5    XL:     3   Next: 57%
Magic:  6/7        EV: 17    Int: 16    God:
Gold:   71         SH:  0    Dex: 16    Spells: 5/6 levels left
                                        Lives:  0   Deaths: 0

rFire   . . .      SeeInvis +     - Unarmed
rCold   . . .      Faith    .   (shield unavailable)
rNeg    . . .      Spirit   .   (armour unavailable)
rPois   .          Reflect  .   (helmet unavailable)
rElec   .          Harm     .   (cloak unavailable)
rCorr   .          Rampage  .   (gloves unavailable)
Will    .....                   (boots unavailable)
Stlth   ++........              (no amulet)
HPRegen 0.04/turn               (no ring)
MPRegen 0.10/turn               (no ring)

@: quick
A: very small, claws 1, fangs 3, see invisible, speed 1, shaggy fur 1, stealthy
paws, no weapons or thrown items, no armour, multi-lived
a: no special abilities


You were on level 3 of the Dungeon.
You visited 1 branch of the dungeon, and saw 3 of its levels.

You collected 71 gold pieces.

Inventory:

Scrolls
 a - 3 scrolls of identify
 b - 2 scrolls of magic mapping


   Skills:
 + Level 0.1 Fighting
 + Level 3.1 Dodging
 + Level 3.2 Stealth
 + Level 1.6 Unarmed Combat
 + Level 2.1 Spellcasting
 + Level 4.4 Summonings


You had 5 spell levels left.
You knew the following spells:

 Your Spells              Type           Power      Damage    Failure   Level
a - Summon Small Mammal   Summ           64%        N/A       3%          1

Your spell library contained the following spells:

 Spells                   Type           Power      Damage    Failure   Level
 Call Imp                 Summ           16%        N/A       4%          2
 Call Canine Familiar     Summ           16%        N/A       10%         3
 Summon Guardian Golem    Hex/Summ       8%         N/A       24%         3
 Summon Lightning Spire   Summ/Air       8%         N/A       63%         4


Dungeon Overview and Level Annotations

Branches:
Dungeon (3/15)

Altars:

Annotations:
D:2 Terence
D:3 Ijyb


Innate Abilities, Weirdness & Mutations

You have sharp claws.
You have razor-sharp teeth.
You have supernaturally acute eyesight. (SInv)
You cover ground quickly. (Speed+)
You are covered in fur. (AC +1)
Your paws help you pounce on unaware monsters.
You are incapable of wielding weapons or throwing items.
You cannot wear armour.
You gain extra lives every three experience levels.


Message History

It was a scroll of fear.
* * * LOW HITPOINT WARNING * * *
You feel sick.
* * * LOW HITPOINT WARNING * * *
You feel sick.
* * * LOW HITPOINT WARNING * * *
You feel sick.
You are no longer poisoned.
Ijyb the Twisted Goblin comes into view.
She is wielding a +0 club, wearing a +2 leather armour of poison resistance and carrying a wand of digging (7).
An endoplasm comes into view. 2 gnolls come into view.
The gnoll shouts!
You hear a shout! x2
The gnoll completely misses you.
Found 5 gold pieces.
A goblin comes into view. It is wielding a +0 club.
A bat comes into view.
The bat closely misses you.
A gnoll comes into view.
It is wielding a +1 whip of electrocution.
The gnoll shouts!
Ijyb shouts!
The endoplasm quivers.
The bat completely misses you.
Casting: Summon Small Mammal (safe; 3% risk of failure)
Confirm with . or Enter, or press ? or * to list all spells.
Okay, then.
Okay, then.
Casting: Summon Small Mammal (safe; 3% risk of failure)
Confirm with . or Enter, or press ? or * to list all spells.
The bat barely misses you. The bat hits you but does no damage.
You scratch the bat.
The bat is heavily wounded.
The bat closely misses you.
Ijyb screams, "It's all mine!"
The gnoll closely misses you.
Your quokka closely misses the bat.
You swap places.
The bat hits you but does no damage.
The gnoll hits your quokka with a +1 whip of electrocution!
Your quokka dies!
Your quokka's corpse disappears in a puff of smoke!
The gnoll hits you from afar with a +0 spear.
You die...

... .... ..... #.#
#..##....#
...g#..##....# #
#.#.#..##....#.#
###.#....##....#.#
.. .... ....+.....$.
#..###.####.##....#
#..b..@.gg........+
#..###ยง####+##....#
#g###J..#....#
#.J......#....#.##
.....g.............
###.........##.##.##
###..###....# .# #
.....# ####.# .. .
#..######.##....


You could see 3 gnolls, an endoplasm and a bat.

Vanquished Creatures
  An adder (D:2)
  2 dart slugs (D:1)
  5 bats
  3 endoplasms
  2 giant cockroaches (D:1)
  A goblin (D:1)
  5 hobgoblins
  2 kobolds
  2 quokkas (D:2)
  4 ball pythons
  3 frilled lizards (D:1)
  2 rats (D:2)
32 creatures vanquished.

Vanquished Creatures (collateral kills)
  A hobgoblin (D:1)
  A ball python (D:1)
  A frilled lizard (D:1)
3 creatures vanquished.

Vanquished Creatures (others)
  A fungus (D:1)
  10 plants (D:1)
11 creatures vanquished.

Grand Total: 46 creatures vanquished

Notes
Turn   | Place    | Note
-------+----------+-------------------------------------------
     0 | D:1      | croobank the Felid Summoner began the quest for the Orb.
     0 | D:1      | Reached XP level 1. HP: 7/7 MP: 4/4
   593 | D:1      | Reached XP level 2. HP: 11/11 MP: 6/6
   911 | D:1      | Found a faded altar of an unknown god.
  1677 | D:1      | Reached skill level 1 in Unarmed Combat
  2320 | D:2      | Reached XP level 3. HP: 14/14 MP: 7/7
  3224 | D:2      | Noticed Terence
  3663 | D:3      | Noticed Ijyb
  3687 | D:3      | Slain by a gnoll

Illustrated notes

Levels and vault maps discovered:
D:1:      wander_arrival_fairy_ring, layout_loops_corners,
          shapermc_ecumenical_altar_gd
D:2:      layout_loops_corners, uniq_terence, uniq_crazy_yiuf_cottage
D:3:      layout_basic, serial_curves, eino_curves_04, eino_curves_04,
          minmay_quantized, uniq_ijyb

Skill      XL: |  1  2  3 |
---------------+----------+-----
Stealth        | 3 |  3.2
Unarmed Combat | 1 |  1.6
Dodging        | 3 |  3.1
Fighting       | |  0.1
Spellcasting   | |  2.1
Summonings     | |  4.4

Action                   || total
-------------------------++-------
Melee: Unarmed           ||   124
       Bite              ||    13
 Cast: Summon Small Mamm ||    18
  Use: Scroll            ||     2
 Stab: Sleeping          ||     9
Armor: Skin              ||     5
Dodge: Dodged            ||    90

Table legend: (Time is in decaauts)
 A = Elapsed time spent in this place.
 B = Non-inter-level travel time spent in this place.
 C = Inter-level travel time spent in this place.
 D = Time resting spent in this place.
 E = Time spent auto-exploring this place.
 F = Levels seen in this place.
 G = Mean time per level.
                   A        B        C        D        E       F      G
               +--------+--------+--------+--------+--------+-----+--------+
         Total |   3401 |   3359 |     42 |   1622 |   1276 |   3 | 1133.7 |
       Dungeon |   3401 |   3359 |     42 |   1622 |   1276 |   3 | 1133.7 |
               +--------+--------+--------+--------+--------+-----+--------+

Top non-repeatable levels by time:
     D:1: 1966 daAuts
     D:2: 1070 daAuts
     D:3: 364 daAuts
